Map: Acid Plant LE

Players

Bunny

  • Race: Terran Terran
  • League: Diamond
  • Spawn Location: 5:00

lIIllllIIlll (INnoVation) - Winner!

  • Race: Terran Terran
  • League: Master
  • Spawn Location: 11:00

Event: HomeStory Cup XVII

VOD

Have the link to the VOD?

Description

Time

  • Played on: July 1, 2018, 8:12 a.m.
  • Length: 13:21

All games in this series

Show
View Real Time Build Order
Export as new Build Order

Bunny Terran 

Build Orders: Cyclone Opening, MMM Bio 

Get SALT Encoding   

  12  0:00  SCV  
  13  0:12  SCV  
  14  0:17  Supply Depot  
  14  0:25  SCV  
  15  0:39  SCV  
  15  0:42  Barracks  
  16  0:47  Refinery  
  16  1:00  Barracks  
  16  1:04  SCV  
  17  1:16  SCV  
  18  1:21  Refinery  
  18  1:29  Orbital Command  
  18  1:32  Reaper  
  19  1:45  Supply Depot  
  19  1:49  Marine  
  20  1:55  SCV  
  21  2:04  Reaper  
  22  2:11  Factory  
  22  2:16  SCV  
  23  2:23  Bunker  
  23  2:28  SCV  
  24  2:40  SCV  
  25  2:54  SCV  
  25  2:55  Cyclone  
  29  3:09  Command Center  
  29  3:13  SCV  
  29  3:19  Supply Depot  
  30  3:25  SCV  
  31  3:30  Factory Reactor  
  31  3:33  Starport  
  31  3:40  SCV  
  32  3:52  SCV  
  32  3:54  Barracks Reactor  
  33  4:01  Engineering Bay  
  33  4:02  Barracks Tech Lab  
  33  4:05  SCV  
  33  4:18  SCV  
  33  4:19  Viking  
  33  4:20  Viking  
  33  4:23  Orbital Command  
  38  4:28  Missile Turret  
  38  4:30  SCV  
  39  4:35  Missile Turret  
  39  4:38  Stimpack  
  39  4:41  Marine  
  39  4:42  Marine, SCV  
  39  4:44  Marine  
  43  4:48  Factory Tech Lab  
  43  4:51  SCV  
  44  4:54  SCV  
  44  4:55  Terran Infantry Weapons Level 1  
  44  5:01  Marine x2  
  44  5:02  Marine  
  44  5:03  SCV  
  47  5:12  Medivac x2  
  51  5:15  SCV  
  52  5:21  Supply Depot  
  52  5:23  SCV  
  52  5:27  Supply Depot, SCV  
  54  5:32  Refinery  
  54  5:42  Supply Depot, Marine x3, Barracks  
  54  5:43  SCV x2  
  54  5:49  Siege Tank  
  62  5:55  SCV x2  
  62  5:56  Supply Depot  
  64  6:00  Marine x3  
  67  6:04  Medivac  
  67  6:05  Medivac  
  67  6:08  SCV x2  
  73  6:12  Refinery  
  73  6:15  Barracks  
  72  6:19  Barracks  
  72  6:24  Supply Depot, Siege Tank  
  75  6:28  SCV  
  75  6:32  Barracks Reactor  
  76  6:34  Marine x3  
  76  6:38  Combat Shields  
  79  6:40  Supply Depot  
  79  6:43  SCV x2  
  81  6:51  Marine  
  81  6:52  Marine x2  
  79  7:06  Barracks Reactor x2  
  80  7:11  Marine x3  
  80  7:12  Marine x2  
  80  7:13  Medivac, Siege Tank  
  88  7:17  Supply Depot  
  88  7:24  Medivac  
  88  7:29  Marine x3  
  93  7:30  Supply Depot, Marine x2  
  95  7:42  Marine x3  
  95  7:43  Marine  
  99  7:45  Command Center  
  99  7:46  Marine  
  99  7:47  Marine  
  101  7:51  Medivac  
  101  7:53  Supply Depot  
  101  7:54  Supply Depot  
  101  7:56  Marine x3  
  101  8:00  Marine  
  101  8:01  Siege Tank  
  92  8:15  Marine x5  
  92  8:16  Marine x2  
  92  8:17  Medivac  
  96  8:21  Medivac  
  96  8:24  Marine x2  
  100  8:33  Siege Tank  
  103  8:38  Marine  
  103  8:39  Marine x6  
  110  8:42  Marine  
  110  8:43  Marine  
  110  8:44  SCV  
  110  8:46  SCV  
  114  8:56  Marine  
  114  8:57  Marine x2  
  114  8:59  Orbital Command  
  114  9:00  SCV x2  
  114  9:01  Marine  
  120  9:08  Marine x5  
  125  9:12  Siege Tank  
  98  9:31  Marine x5  
  98  9:35  Medivac x2  
  94  9:39  Marine x4  
  94  9:41  SCV  
  94  9:42  SCV  
  100  9:49  Marine  
  85  10:08  Medivac, Marine  
  85  10:09  Marine x8  
  90  10:26  Marine x6  
  90  10:27  Marine x3, SCV x2  
  101  10:39  SCV  
  101  10:41  Siege Tank  
  100  10:44  Marine x7, SCV  
  100  10:49  Marine x2  
  96  10:53  SCV  
  94  11:02  Medivac, Marine x2  
  98  11:18  Siege Tank  
  101  11:24  Marine x7  
  108  11:28  Marine x2  
  110  11:36  Medivac x2  
  113  11:43  Marine x4  
  117  11:53  Marine x2  
  117  11:54  Marine x3  
  122  12:00  Marine  
  122  12:01  Marine x3  
  126  12:18  Siege Tank  
  126  12:20  Marine  
  126  12:21  Marine x6  
  134  12:42  Marine  
  134  12:43  Medivac  
  133  12:45  Medivac  
  133  12:49  Marine  
  133  12:50  Marine x7  
  108  12:59  Marine  
Show
View Real Time Build Order
Export as new Build Order

lIIllllIIlll Terran - Winner!

Build Orders: Bio Tank 

Get SALT Encoding   

  12  0:00  SCV  
  13  0:13  SCV  
  14  0:17  Supply Depot  
  14  0:25  SCV  
  15  0:38  SCV  
  15  0:40  Barracks  
  16  0:43  Refinery  
  16  0:50  SCV  
  17  1:02  SCV  
  18  1:15  SCV  
  19  1:27  Orbital Command, Reaper  
  20  1:46  Bunker  
  20  1:49  Refinery, Supply Depot  
  20  1:53  SCV  
  21  1:59  Marine  
  22  2:03  Factory  
  22  2:05  SCV  
  23  2:17  Marine, SCV  
  25  2:29  SCV  
  26  2:35  Marine  
  26  2:36  Supply Depot  
  27  2:41  SCV  
  28  2:48  Starport, Factory Tech Lab  
  28  2:52  Marine  
  28  2:53  SCV  
  30  3:07  Command Center  
  30  3:08  SCV  
  31  3:17  Barracks Reactor  
  31  3:20  SCV  
  32  3:30  Banshee  
  32  3:33  Factory Tech Lab, SCV  
  35  3:38  Supply Depot  
  35  3:45  SCV  
  36  3:52  Siege Tank  
  38  3:57  SCV  
  38  3:59  Marine x2  
  38  4:00  Supply Depot  
  41  4:11  SCV  
  41  4:12  Raven  
  44  4:18  Marine  
  44  4:19  Orbital Command, Marine  
  44  4:23  SCV  
  47  4:26  Siege Tank  
  50  4:35  SCV  
  50  4:36  Engineering Bay, Marine x2  
  53  4:40  Orbital Command  
  53  4:47  SCV  
  54  4:59  SCV  
  54  5:02  Barracks x2  
  54  5:03  Starport Reactor  
  54  5:13  Stimpack, Marine  
  54  5:18  SCV x2  
  53  5:22  Refinery  
  53  5:23  Supply Depot  
  53  5:30  SCV x2  
  53  5:31  Marine  
  56  5:38  Siege Tank  
  56  5:42  SCV x2  
  61  5:45  Supply Depot  
  61  5:46  Starport Reactor  
  61  5:49  Marine  
  62  5:51  Marine x2  
  62  5:54  SCV  
  62  5:55  SCV  
  66  5:57  Supply Depot, Marine x2  
  67  6:06  SCV  
  67  6:07  SCV  
  67  6:08  Supply Depot  
  67  6:10  Marine x3, Siege Tank  
  75  6:15  Marine x2  
  78  6:18  SCV  
  78  6:19  SCV  
  78  6:20  Supply Depot  
  78  6:22  Medivac  
  78  6:25  Medivac  
  83  6:33  Marine, SCV x2  
  83  6:34  Marine x4  
  83  6:35  Supply Depot  
  90  6:47  Command Center  
  87  7:00  SCV x2  
  85  7:05  Marine  
  85  7:06  Marine x4  
  85  7:08  Medivac x2  
  94  7:11  Engineering Bay  
  94  7:12  Engineering Bay  
  94  7:13  SCV x2  
  96  7:19  Combat Shields  
  96  7:24  Refinery  
  96  7:26  Marine x5  
  96  7:27  SCV  
  96  7:29  SCV  
  103  7:39  Terran Infantry Armor Level 1, Terran Infantry Weapons Level 1  
  103  7:42  Viking  
  103  7:43  Viking  
  106  7:45  SCV x2  
  108  7:54  Supply Depot  
  105  8:01  Marine x3  
  105  8:02  Marine x2  
  105  8:04  SCV  
  105  8:05  SCV  
  112  8:10  Orbital Command  
  102  8:15  Barracks  
  102  8:18  Medivac x2  
  102  8:19  Marine, Siege Tank  
  103  8:20  Marine x2  
  103  8:21  Barracks  
  103  8:22  Marine x2  
  103  8:27  SCV x2  
  108  8:37  Marine x2  
  108  8:38  Marine  
  108  8:39  Marine  
  108  8:40  Marine  
  113  8:42  SCV  
  113  8:43  SCV  
  113  8:48  Missile Turret  
  116  8:50  Armory, Missile Turret  
  116  8:52  Siege Tank  
  116  8:55  SCV x2  
  120  8:57  Marine x5  
  124  9:05  Supply Depot  
  124  9:07  Viking x2, SCV x2  
  124  9:09  Barracks Reactor x2  
  129  9:15  Marine x5  
  129  9:17  Orbital Command  
  134  9:19  SCV x2  
  134  9:23  Supply Depot  
  134  9:24  Siege Tank  
  120  9:32  Marine  
  120  9:33  Marine x2  
  103  9:41  Medivac x2  
  105  9:47  Marine  
  105  9:48  Marine x3  
  105  9:52  SCV x2  
  109  9:53  SCV  
  110  10:06  Marine  
  110  10:07  Marine x4  
  107  10:08  Terran Infantry Weapons Level 2  
  107  10:12  Terran Infantry Armor Level 2  
  106  10:17  Viking  
  108  10:21  Refinery, Marine  
  108  10:22  Marine  
  110  10:34  Marine x5  
  115  10:39  Marine  
  114  10:47  Marine  
  106  10:52  Marine  
  106  10:54  Marine x4, Siege Tank  
  94  11:04  Orbital Command  
  109  11:13  Marine x6  
  109  11:16  SCV  
  109  11:17  SCV  
  115  11:24  Sensor Tower  
  115  11:26  Siege Tank  
  115  11:31  SCV x3  
  121  11:35  Supply Depot  
  121  11:42  Supply Depot  
  121  11:52  Marine  
  121  11:53  Factory  
  121  11:55  Barracks Reactor, Marine x5  
  121  11:56  Viking x2  
  121  11:59  SCV x3  
  132  12:01  Refinery x2  
  132  12:05  Siege Tank  
  135  12:08  Supply Depot  
  135  12:09  Supply Depot  
  134  12:16  Marine x6  
  134  12:19  Liberator x2  
  139  12:26  SCV x2  
  141  12:30  SCV  
  141  12:33  Marine x3  
  141  12:34  Marine x5  
  156  12:40  Supply Depot x2  
  153  12:51  Marine x3  
  129  12:52  Marine x5  
Tags
 
Add a new tag
Caveats
  • Supply blocks, unpowered buildings, or Contaminate may cause inaccurate times.
  • Supply counts are checked every 10 seconds.